 Dungeon Crawl Stone Soup version 0.31.0-11-ge490571c62 (webtiles) character file.

Game seed: 10622123940955160547

41 qw the Shooter (level 3, 0/18 HPs)
             Began as a Spriggan Hunter on Feb 3, 2024.
             Succumbed to an adder's poison
             ... on level 2 of the Dungeon.
             The game lasted 00:00:03 (1254 turns).

qw the Shooter (Spriggan Hunter)                    Turns: 1254, Time: 00:00:04

Health: 0/18       AC:  2    Str:  7    XL:     3   Next: 32%
Magic:  4/4        EV: 19    Int: 10    God:
Gold:   34         SH:  0    Dex: 20    Spells: 2/2 levels left

rFire   . . .        a - +0 shortbow
rCold   . . .        (shield currently unavailable)
rNeg    . . .        c - +0 robe
rPois   .            (helmet restricted)
rElec   .            (no cloak)
rCorr   .            (gloves unavailable)
SInv    +            (boots unavailable)
Will    .....        (no amulet)
Stlth   ++           (no ring)
HPRegen 0.23/turn    (no ring)
MPRegen 0.09/turn

%: no passive effects
@: lethally poisoned (0 -> -1), very quick
A: very small, no large weapons, unfitting armour, see invisible, speed 3
a: no special abilities


You were on level 2 of the Dungeon.
You visited 1 branch of the dungeon, and saw 2 of its levels.

You collected 34 gold pieces.


Innate Abilities, Weirdness & Mutations

You are very small and have problems with some larger weapons.
You are too small for most types of armour.
You have supernaturally acute eyesight. (SInv)
You cover ground extremely quickly. (Speed+++)


   Skills:
 - Level 1.5 Fighting
 + Level 4.6 Ranged Weapons
 - Level 4.0 Dodging
 - Level 1.5 Stealth


You had 2 spell levels left.
You didn't know any spells.
Your spell library was empty.

Inventory:

Hand Weapons
 a - a +0 shortbow (weapon)
Armour
 c - a +0 robe (worn)
Scrolls
 d - a scroll of identify {unknown}
 e - a scroll of amnesia {unknown}
Potions
 b - a potion of lignification {unknown}
 i - 2 potions of heal wounds {unknown}
 j - a potion of mutation {unknown}
 k - a potion of brilliance {unknown}

Dungeon Overview and Level Annotations

Branches:
Dungeon (2/15)

Altars:

Shops:
D:2 *


Message History

There is an open door here.
A bat comes into view.
You shoot an arrow. The arrow hits the bat.
You kill the bat!
A bat and an adder come into view.
Found a moonstone ring.
The adder hisses angrily.
The adder moves out of view.
You shoot an arrow. The arrow hits the bat!
You kill the bat!
You shoot an arrow. The arrow hits the adder.
The adder is moderately wounded.
You shoot an arrow. The arrow barely misses the adder.
The adder bites you.
You are poisoned.
The adder poisons you!
You shoot an arrow. The arrow closely misses the adder.
You feel sick. The adder bites you but does no damage.
You shoot an arrow.
The arrow hits the adder but does no damage.
The adder is moderately wounded.
You feel sick. The adder misses you. The adder bites you.
You are more poisoned.
The adder poisons you!
You shoot an arrow. The arrow misses the adder.
You feel sick. The adder barely misses you.
You shoot an arrow. The arrow closely misses the adder.
You feel sick. The adder misses you. x2
You shoot an arrow. The arrow closely misses the adder.
You feel sick. The adder bites you.
You shoot an arrow. The arrow closely misses the adder.
You feel sick. The adder barely misses you. x2
You shoot an arrow. The arrow barely misses the adder.
You feel sick. The adder misses you.
You shoot an arrow. The arrow hits the adder!
The adder is almost dead.
You feel sick. The adder bites you but does no damage. The adder bites you.
You shoot an arrow. The arrow hits the adder.
You kill the adder!
You die...

###....##..)...###..........
#(##..##......##.#..........
#....##......##.=#..........
##..##......##.. #.....#....
#..##......##.. #..........
#.##......##.. #..........
###......##.. #..........
##......##%%## #...#......
#......###.@.### #.......###
#'#......###...###.#......##
#.###......###...#.##...%...
#..%###......###.#.##.......
##..%)###......#'#.##.......
#..#....###......#.)........
#.##.##...###...............
#.#).#..#(..###..#..........
############# ####..........


There were no monsters in sight!

Vanquished Creatures
  2 adders (D:2)
  An endoplasm (D:2)
  2 giant cockroaches (D:2)
  4 goblins
  3 hobgoblins (D:2)
  3 jackals
  2 kobolds
  2 quokkas (D:1)
  4 ball pythons
  5 bats (D:2)
  A frilled lizard (D:2)
  A rat (D:2)
30 creatures vanquished.

Notes
Turn   | Place    | Note
-------+----------+-------------------------------------------
     0 | D:1      | qw the Spriggan Hunter began the quest for the Orb.
     0 | D:1      | Reached XP level 1. HP: 10/10 MP: 2/2
     0 | D:1      | 0 ||| qw: Version: 0.3-a-158-g18b3111
     0 | D:1      | 0 ||| qw: Game counter: 4256
     0 | D:1      | 0 ||| qw: Melee chars always use a shield: true
     0 | D:1      | 0 ||| qw: God list: Okawaru
     0 | D:1      | 0 ||| qw: Allow faded altars: false
     0 | D:1      | 0 ||| qw: Do Orc after clearing Dungeon:15 true
     0 | D:1      | 0 ||| qw: Do second Lair branch before Depths: true
     0 | D:1      | 0 ||| qw: Lair rune preference: random
     0 | D:1      | 0 ||| qw: Goals: Normal
     0 | D:1      | 0 ||| PLANNING D:1-11
    89 | D:1      | Reached skill level 3 in Dodging
   116 | D:1      | Found a faded altar of an unknown god.
   551 | D:1      | Reached XP level 2. HP: 14/14 MP: 3/3
   825 | D:1      | 825 ||| DROPPING ring of magical power.
   826 | D:1      | 826 ||| READING scroll labelled KECOFE TONLESI.
   826 | D:1      | 826 ||| ENCHANTING +0 shortbow.
   827 | D:1      | 827 ||| READING scroll labelled ANIERI HYELE.
   828 | D:1      | 828 ||| READING scroll labelled PASCHE CUFI.
   831 | D:1      | 831 ||| READING scroll labelled CEMPOA WIMMAL.
   932 | D:1      | 932 ||| READING scroll labelled ROLUME WUYG.
   933 | D:1      | 933 ||| DROPPING scroll of butterflies.
   940 | D:2      | Found Vajua's General Store.
   950 | D:2      | 950 ||| SHOPLISTING potion of curing (39 gold, have 25).
   950 | D:2      | 950 ||| SHOPLISTING potion of haste (130 gold, have 25).
   950 | D:2      | 950 ||| SHOPLISTING potion of mutation (104 gold, have 25).
   950 | D:2      | 950 ||| SHOPLISTING ring of protection from cold (325 gold,
                  | have 25).
   950 | D:2      | 950 ||| SHOPLISTING scroll of enchant armour (97 gold, have
                  | 25).
   950 | D:2      | 950 ||| SHOPLISTING scroll of identify (26 gold, have 25).
   950 | D:2      | 950 ||| SHOPLISTING scroll of teleportation (39 gold, have
                  | 25).
  1046 | D:2      | Reached XP level 3. HP: 18/18 MP: 4/4
  1250 | D:2      | HP: 4/18 [adder (2)]
  1253 | D:2      | HP: 1/18 [adder (1)]
  1254 | D:2      | Succumbed to an adder's poison

Levels and vault maps discovered:
D:1:      hellmonk_arrival_library, layout_basic,
          ebering_ecumenical_altar_abandoned
D:2:      minmay_razor_zed, layout_rooms, serial_shops, shop

Skill      XL: |  1  2 |
---------------+-------+-----
Dodging        | 3 4 |  4.0
Fighting       | |  1.5
Ranged Weapons | |  4.6
Stealth        | |  1.5

Action                     || total
---------------------------++-------
   Fire: Shortbow          ||    76
    Use: Scroll            ||     5
 Armour: Robe              ||     9
  Dodge: Dodged            ||    18

Table legend:
 A = Non-vault XP
 B = Vault XP
 C = Vault XP percentage of total XP
 D = Non-vault monster count
 E = Vault monster count
 F = Vault count percentage of total count
                 A         B        C        D         E       F
            +---------+---------+-------+---------+---------+-------
      Total |      58 |      15 |  20.5 |      20 |      10 |  33.3
            +---------+---------+-------+---------+---------+-------
        D:1 |      13 |       0 |   0.0 |       7 |       0 |   0.0
        D:2 |      45 |      15 |  25.0 |      13 |      10 |  43.5
            +---------+---------+-------+---------+---------+-------
